 Dungeon Crawl Stone Soup version 0.27-a0-1324-ge0d8e047f6 (webtiles) character file.

Game seed: 10421696809377660814

14 Anon1729 the Sneak (level 2, 0/18 HPs)
             Began as a Kobold Brigand on June 23, 2021.
             Killed from afar by Sigmund (4 damage)
             ... with a puff of flame
             ... on level 2 of the Dungeon.
             The game lasted 00:01:18 (1068 turns).

Anon1729 the Sneak (Kobold Brigand)                 Turns: 1068, Time: 00:01:19

Health: 0/18       AC:  3    Str:  8    XL:     2   Next: 60%
Magic:  2/2        EV: 14    Int: 12    God:
Gold:   21         SH:  0    Dex: 16    Spells: 1/1 levels left

rFire    . . .     SeeInvis .   g - +0 dagger (venom)
rCold    . . .     Faith    .   (shield restricted)
rNeg     . . .     Spirit   .   b - +0 robe
rPois    .         Reflect  .   (no helmet)
rElec    .         Harm     .   c - +0 cloak
rCorr    .         Rampage  .   (no gloves)
Will     .....                  (no boots)
Stlth    ++++......             (no amulet)
HPRegen  0.06/turn              (no ring)
MPRegen  0.08/turn              (no ring)

@: attractive, flying
A: small, no large weapons, nightstalker 3
a: no special abilities


You were on level 2 of the Dungeon.
You visited 1 branch of the dungeon, and saw 2 of its levels.

You collected 21 gold pieces.

Inventory:

Hand Weapons
 a - a +2 dagger
 g - a +0 dagger of venom (weapon)
Missiles
 d - 8 poisoned darts (quivered)
 e - 2 curare-tipped darts
Armour
 b - a +0 robe (worn)
 c - a +0 cloak (worn)
Jewellery
 m - an amulet of the acrobat
Scrolls
 f - 2 scrolls of immolation {unknown}
 h - a scroll of identify {unknown}
 j - a scroll of teleportation {unknown}
 n - a scroll of amnesia {unknown}
Potions
 l - a potion of curing {unknown}


   Skills:
 + Level 2.4 Fighting
 + Level 3.0 Short Blades
 + Level 2.4 Throwing
 + Level 1.7 Dodging
 + Level 5.5 Stealth


You had one spell level left.
You didn't know any spells.
Your spell library contained the following spells:

 Spells                   Type           Power      Damage    Failure   Level
 Foxfire                  Conj/Fire      0%         2x1d4     32%         1
 Conjure Flame            Conj/Fire      0%         6-21      69%         3
 Inner Flame              Hex/Fire       0%         N/A       69%         3
 Sticky Flame             Conj/Fire      0%         2d3       97%         4
 Fireball                 Conj/Fire      0%         3d3       100%        5


Dungeon Overview and Level Annotations

Branches:
Dungeon (2/15)

Altars:

Annotations:
D:2 Sigmund


Innate Abilities, Weirdness & Mutations

You are small and have problems with some larger weapons.
You are completely attuned to the shadows.


Message History

You barely miss the kobold.
The kobold is heavily wounded.
The kobold misses you.
You hit the kobold but do no damage.
The kobold is heavily wounded.
The kobold hits you but does no damage.
You closely miss the kobold.
The kobold is heavily wounded.
The kobold closely misses you.
You hit the kobold.
You kill the kobold!
Sigmund closely misses you. Sigmund closely misses you.
You see here a +0 whip.
You hit Sigmund.
Sigmund is lightly wounded.
Sigmund closely misses you.
You hit Sigmund.
Sigmund is lightly wounded.
Sigmund closely misses you.
You closely miss Sigmund.
Sigmund is lightly wounded.
Sigmund points at you and mumbles some strange words.
The puff of flame hits you.
Your +0 dagger of venom begins to drip with poison!
g - a +0 dagger of venom (weapon)
You hit Sigmund but do no damage.
Sigmund is poisoned.
Sigmund is lightly wounded.
Sigmund casts a spell at you. The magic dart hits you.
* * * LOW HITPOINT WARNING * * *
It was a potion of attraction.
You feel attractive to monsters. Sigmund barely misses you.
It was a potion of flight.
You feel very buoyant.
You fly up into the air.
Sigmund casts a spell at you. The puff of flame hits you.
You die...

#.# . ### #.# ###
..####.## #.##...
@........ #.#....
.......## ######......
.####.... #.)....#....
####. #.####@##...#.# #.
#.# #@# #.##.# #. #.# #.#
#.##.# #. #.# #.###.##.#
#. #.# ##........########.
####.###....#.........##..
..............#######.....
####.###......# ####..
####.####.#...# ##.
......# #.#...# ..


You could see Sigmund (very poisoned).

Vanquished Creatures
  An endoplasm (D:1)
  A giant cockroach (D:1)
  A hobgoblin (D:1)
  3 kobolds
  A quokka (D:1)
  A ball python (D:1)
  A bat (D:1)
  A frilled lizard (D:1)
  A goblin (D:1)
  3 rats (D:1)
14 creatures vanquished.

Vanquished Creatures (others)
  2 plants (D:1)
2 creatures vanquished.

Grand Total: 16 creatures vanquished

Notes
Turn   | Place    | Note
-------+----------+-------------------------------------------
     0 | D:1      | Anon1729 the Kobold Brigand began the quest for the Orb.
     0 | D:1      | Reached XP level 1. HP: 12/12 MP: 1/1
   250 | D:1      | Found a faded altar of an unknown god.
   461 | D:1      | Reached XP level 2. HP: 18/18 MP: 2/2
   992 | D:2      | Noticed Sigmund
  1068 | D:2      | Killed from afar by Sigmund

Illustrated notes

Levels and vault maps discovered:
D:1:      minmay_arrival_wavy_path, layout_rooms,
          shapermc_ecumenical_altar_mp_urbaneastern
D:2:      layout_loops_ring, uniq_jessica, uniq_crazy_yiuf_cottage, uniq_sigmund

Skill      XL: |  1  2 |
---------------+-------+-----
Short Blades   | 3 |  3.0
Fighting       | |  2.4
Throwing       | |  2.4
Dodging        | |  1.7
Stealth        | |  5.5

Action                   || total
-------------------------++-------
Melee: Dagger            ||    37
  Use: Potion            ||     2
 Stab: Sleeping          ||     9
Armor: Robe              ||     1
Dodge: Dodged            ||    13

Table legend: (Time is in decaauts)
 A = Elapsed time spent in this place.
 B = Non-inter-level travel time spent in this place.
 C = Inter-level travel time spent in this place.
 D = Time resting spent in this place.
 E = Time spent auto-exploring this place.
 F = Levels seen in this place.
 G = Mean time per level.
                   A        B        C        D        E       F      G
               +--------+--------+--------+--------+--------+-----+--------+
         Total |   1062 |   1036 |     26 |    152 |    766 |   2 |  531.0 |
       Dungeon |   1062 |   1036 |     26 |    152 |    766 |   2 |  531.0 |
               +--------+--------+--------+--------+--------+-----+--------+

Top non-repeatable levels by time:
     D:1: 893 daAuts
     D:2: 168 daAuts
